 Dungeon Crawl Stone Soup version 0.23-a0-470-g6f7cfd9 (webtiles) character file.

597 Lavandula the Gusty (level 7, -7/55 HPs)
             Began as a Naga Air Elementalist on Nov 26, 2018.
             Was an Initiate of Ru.
             Mangled by an ogre
             ... wielding a +0 giant club
              (10 damage)
             ... on level 6 of the Dungeon.
             The game lasted 00:11:29 (2085 turns).

Lavandula the Gusty (Naga Air Elementalist)         Turns: 2085, Time: 00:11:30

Health: -7/55      AC:  4    Str: 11    XL:     7   Next: 40%
Magic:  1/11       EV: 10    Int: 17    God:    Ru [......]
Gold:   124        SH:  0    Dex: 11    Spells: 2/12 levels left

rFire    . . .     SeeInvis +   n - +3 short sword (venom)
rCold    . . .     Gourm    .   (no shield)
rNeg     . . .     Faith    .   a - +0 robe
rPois    +         Spirit   .   p - +0 helmet
rElec    .         Reflect  .   (no cloak)
rCorr    .         Harm     .   (no gloves)
MR       .....                  (no barding)
Stlth    ++........             (no amulet)
HPRegen  0.18/turn              g - ring of flight
MPRegen  0.12/turn              (no ring)

@: very slow
A: large, see invisible, deformed body, poison resistance, slowness 2, slow
metabolism 1, spit poison 1, AC +2
a: Spit Poison, Renounce Religion, Evoke Flight


You were on level 6 of the Dungeon.
You worshipped Ru.
Ru was noncommittal.
You were not hungry.

You visited 2 branches of the dungeon, and saw 8 of its levels.

You collected 202 gold pieces.
You spent 78 gold pieces at shops.

Inventory:

Hand Weapons
 d - a +3 hand axe
 n - a +3 short sword of venom (weapon)
 t - a +0 whip
Armour
 a - a +0 robe (worn)
 p - a +0 helmet (worn)
Jewellery
 g - a ring of flight (left hand)
Wands
 o - a wand of iceblast (5)
Scrolls
 b - 2 scrolls of enchant weapon
 f - 2 scrolls of remove curse
 h - 2 scrolls of teleportation {unknown}
 i - 3 scrolls of immolation
 j - 2 scrolls of fear {unknown}
 l - a scroll of magic mapping
 s - 2 scrolls of fog
Potions
 e - 2 potions of brilliance {unknown}
 m - a potion of lignification {unknown}
 q - 3 potions of agility {unknown}
 r - a potion of magic {unknown}
 u - a potion of invisibility {unknown}
 v - a potion of flight {unknown}
Comestibles
 c - 3 rations


   Skills:
 - Level 1.5 Dodging
 - Level 3.0 Stealth
 - Level 3.0 Spellcasting
 - Level 1.0 Conjurations
 - Level 7.7 Air Magic
 + Level 1.5 Evocations


You had 2 spell levels left.
You knew the following spells:

 Your Spells              Type           Power        Failure   Level  Hunger
a - Shock                 Conj/Air       ###.         3%          1    None
b - Swiftness             Chrm/Air       ###.....     5%          2    ##.....
c - Static Discharge      Conj/Air       ###.....     9%          3    ###....
d - Airstrike             Air            ####......   8%          4    ####...

Your spell library contained the following spells:

 Spells                   Type           Power        Failure   Level  Hunger
 Lightning Bolt           Conj/Air       ###.......   63%         5    ######.


Dungeon Overview and Level Annotations

Branches:
Dungeon (7/15)             Temple (1/1) D:4

Altars:
Cheibriados
Dithmenos
Elyvilon
Makhleb
Qazlal
Ru
Trog
Uskayaw
Wu Jian
Xom
Yredelemnul
Zin

Shops:
D:4 (=}*%


Innate Abilities, Weirdness & Mutations

You cannot wear boots.
Your serpentine skin is tough. (AC +2)
You have supernaturally acute eyesight. (SInv)
Armour fits poorly on your strangely shaped body.
Your system is resistant to poisons. (rPois)
You cover ground very slowly.
You have a slow metabolism.
You can spit poison.


Message History

The orc wizard closely misses you.
As you read the scroll labeled QOSSANA KOQIM, it crumbles to dust.
It is a scroll of enchant weapon.
Really abort (and waste the scroll)?
Your +2 short sword of venom glows red for a moment.
The orc wizard barely misses you.
Unknown command.
As you read the scroll labeled DOULATU EPTIMEGU, it crumbles to dust.
The scroll dissolves into smoke.
It was a scroll of fog.
The orc wizard barely misses you. The ogre hits you with a +0 giant club!
* * * LOW HITPOINT WARNING * * *
The orc wizard hits you with a +0 dagger.
* * * LOW HITPOINT WARNING * * *
Unknown command.
As you read the scroll labeled KEINUWKENER, it crumbles to dust.
You feel aware of your surroundings.
You sensed 4 altars.
It was a scroll of magic mapping.
The orc wizard begins to cast a cantrip, but forgets the words!
The ogre hits you with a +0 giant club!
You die...

,,,,Z...O..<...#
,,,,.....Z....##
,,,,..........#
**,,.........#####
**,,......##..##.##
,,,,.......##.....*
,,,,........#.§.§#*
**,,..........§§§#
,,,,,,,,,#....#§@###
,,,,,,,,,*#..>#O#o§#
,,,,,,,***#...§##g§#
,,,,,,****#...>#...##
,,,,,****,##........#*
,,,,,* *.....#.......#
,,,,***#..##.###.....#
,,,,* *..**.,,*##...##
,,*****.**..,,,*#.###


You could see an ogre, an orc wizard and a gnoll.

Vanquished Creatures
  An ogre (D:4)
  A scorpion (D:4)
  A howler monkey (D:5)
  A hound (D:4)
  An orc wizard (D:7)
  A bullfrog skeleton (D:5)
  An orc priest (D:6)
  6 worker ants
  2 hound skeletons
  A gnoll (D:7)
  6 adders
  An adder skeleton (D:4)
  3 worms
  4 leopard geckos
  13 orcs
  4 giant cockroaches
  A goblin (D:1)
  4 hobgoblins
  3 kobolds
  2 quokkas
  5 bats
  3 frilled lizards
  A jackal skeleton (D:5)
  A leopard gecko skeleton (D:5)
  A quokka skeleton (D:5)
  3 rats
71 creatures vanquished.

Notes
Turn   | Place    | Note
-------+----------+-------------------------------------------
     0 | D:1      | Lavandula the Naga Air Elementalist began the quest for the
                  | Orb.
     0 | D:1      | Reached XP level 1. HP: 15/15 MP: 3/3
    87 | D:1      | Reached XP level 2. HP: 14/22 MP: 0/5
   258 | D:2      | Learned a level 2 spell: Swiftness
   320 | D:2      | Found a basalt altar of Yredelemnul.
   380 | D:2      | Found a white marble altar of Elyvilon.
   409 | D:2      | Found a hide-covered altar of Uskayaw.
   412 | D:2      | Noticed a +0 hand axe
   412 | D:2      | Noticed a +0 hand axe
   520 | D:2      | Reached XP level 3. HP: 28/28 MP: 4/7
   761 | D:3      | Reached skill level 4 in Air Magic
   761 | D:3      | Reached XP level 4. HP: 14/36 MP: 4/8
   823 | D:3      | Learned a level 3 spell: Static Discharge
   868 | D:4      | Found Xipn's Food Shoppe.
   877 | D:4      | Found Cuter Buh's Gadget Boutique.
   881 | D:4      | Found Ycipsoun's Jewellery Shop.
   905 | D:5      | Entered Level 5 of the Dungeon
   963 | D:6      | Noticed an ogre
  1171 | D:4      | Reached skill level 5 in Air Magic
  1171 | D:4      | Reached XP level 5. HP: 41/42 MP: 3/9
  1177 | D:4      | Learned a level 4 spell: Airstrike
  1183 | D:4      | Found a glowing silver altar of Zin.
  1224 | D:4      | Found Eqonun's Weapon Boutique.
  1335 | D:4      | Found a staircase to the Ecumenical Temple.
  1345 | D:4      | Reached XP level 6. HP: 35/49 MP: 4/10
  1352 | Temple   | Entered the Ecumenical Temple
  1376 | Temple   | Became a worshipper of Ru the Awakened
  1403 | D:4      | Reached skill level 6 in Air Magic
  1444 | D:4      | Found Sixesk's Assorted Antiques.
  1452 | D:4      | Bought a scroll labeled KEINUWKENER for 20 gold pieces
  1452 | D:4      | Bought a scroll labeled KEINUWKENER for 20 gold pieces
  1452 | D:4      | Bought a scroll labeled BUKHOMIDDE for 20 gold pieces
  1452 | D:4      | Bought an inky potion for 18 gold pieces
  1630 | D:4      | Found a stormy altar of Qazlal.
  1799 | D:5      | Reached skill level 7 in Air Magic
  1853 | D:5      | Reached XP level 7. HP: 45/55 MP: 8/11
  2023 | D:7      | Reached skill level 1 in Evocations
  2073 | D:7      | HP: 2/55 [gnoll/+1 antimagic whip (7)]
  2085 | D:6      | Mangled by an ogre

Vault maps used:
D:1:      roderic_crop_circles_arrival_small, nrook_mini_vaults,
          minmay_heptomino_h4
D:2:      kennysheep_ying_yang, dancing_weapons_uskayaw, kennysheep_boxes
D:3:      first_ration, st_stairs_4, grunt_ministairs_15
D:4:      old_standard_altar, lemuel_coloured_pillars_altar, temple_fountains,
          serial_shops, shop, shop, shop_fountains, shop, shop
D:6:      grunt_temple_overflow_magic_moments, lemuel_round_altar
D:7:      cheibrodos_wizards_tower, gammafunk_temple_overflow_arena, the_bakery,
          hangedman_decor_clover_reticule
Temple:   hc_temple_tempest_star

Skill      XL: |  1  2  3  4  5  6  7 |
---------------+----------------------+-----
Spellcasting   | 3 |  3.0
Air Magic      | 4 5 7 |  7.7
Evocations     | 1 |  1.5
Dodging        | |  1.5
Stealth        | |  3.0
Conjurations   | |  1.0

Action                   |  1- 3 |  4- 6 |  7- 9 || total
-------------------------+-------+-------+-------++-------
Melee: Hand axe          |     3 |       |       ||     3
       Short sword       |    10 |     1 |       ||    11
 Cast: Shock             |    19 |    58 |    37 ||   114
 Abil: Spit Poison       |    28 |    20 |    12 ||    60
  Use: Scroll            |       |     4 |     4 ||     8
       Potion            |       |       |     2 ||     2
 Stab: Sleeping          |       |     1 |       ||     1
  Eat: Chunk             |     1 |     4 |     1 ||     6
Armor: Robe              |     4 |     5 |     3 ||    12
Dodge: Dodged            |     9 |    32 |    21 ||    62

Table legend:
 A = Non-vault XP
 B = Vault XP
 C = Vault XP percentage of total XP
 D = Non-vault monster count
 E = Vault monster count
 F = Vault count percentage of total count
                 A         B        C        D         E       F
            +---------+---------+-------+---------+---------+-------
      Total |     836 |      17 |   2.0 |      65 |       6 |   8.5
            +---------+---------+-------+---------+---------+-------
        D:1 |       6 |       4 |  40.0 |       4 |       2 |  33.3
        D:2 |      33 |       0 |   0.0 |      11 |       0 |   0.0
        D:3 |      34 |       8 |  19.0 |       7 |       2 |  22.2
        D:4 |     367 |       5 |   1.3 |      18 |       2 |  10.0
        D:5 |     178 |       0 |   0.0 |      11 |       0 |   0.0
        D:6 |      71 |       0 |   0.0 |       2 |       0 |   0.0
        D:7 |     147 |       0 |   0.0 |      12 |       0 |   0.0
            +---------+---------+-------+---------+---------+-------
